 Dungeon Crawl Stone Soup version 0.22-a0-282-gdd34a7d (webtiles) character file.

88 Amnesiac the Gusty (level 4, -2/24 HPs)
             Began as a Tengu Air Elementalist on Mar 17, 2018.
             Killed from afar by Ijyb (6 damage)
             ... with a wand of flame (32)
             ... on level 1 of the Dungeon.
             The game lasted 00:02:51 (2061 turns).

Amnesiac the Gusty (Tengu Air Elementalist)         Turns: 2061, Time: 00:02:52

Health: -2/24      AC:  2    Str:  9    XL:     4   Next: 54%
Magic:  1/8        EV: 13    Int: 14    God:
Gold:   110        SH:  0    Dex: 14    Spells: 3/7 levels left

rFire    . . .     SeeInvis .   (no weapon)
rCold    . . .     Gourm    .   (no shield)
rNeg     . . .     Faith    .   a - +0 robe
rPois    .         Spirit   .   (helmet restricted)
rElec    .         Reflect  .   (no cloak)
rCorr    .         Harm     .   (no gloves)
MR       .....     Clarity  +   (boots unavailable)
Stlth    ++........             (no amulet)
HPRegen  0.08/turn              (no ring)
MPRegen  0.11/turn              (no ring)

@: very slightly contaminated
A: beak, talons 3, blink, clarity, dopey 1, frail 1
a: Blink


You were on level 1 of the Dungeon.
You were not hungry.

You visited 1 branch of the dungeon, and saw 2 of its levels.

You collected 110 gold pieces.

Inventory:

Armour
 a - a +0 robe (worn)
Wands
 e - a wand of flame (28)
Scrolls
 d - a scroll of identify {!r}
Comestibles
 c - 6 rations


   Skills:
 * Level 2.9 Fighting
 * Level 3.3 Dodging
 - Level 2.0 Stealth
 - Level 2.0 Spellcasting
 + Level 2.3 Conjurations
 - Level 4.0 Air Magic


You had 3 spell levels left.
You knew the following spells:

 Your Spells              Type           Power        Failure   Level  Hunger
a - Shock                 Conj/Air       ##..         6%          1    ##.....
b - Static Discharge      Conj/Air       ##......     19%         3    ####...


Dungeon Overview and Level Annotations

Branches:
Dungeon (2/15)

Altars:

Annotations:
D:1 Ijyb


Innate Abilities, Weirdness & Mutations

You have a beak for a mouth.
You have claws for feet.
You can translocate small distances at will.
You possess an exceptional clarity of mind.
You are dopey. (Int -2)
You are frail. (-10% HP)


Message History

Casting: Shock (safe; 5% risk of failure)
Confirm with . or Enter, or press ? or * to list all spells.
Okay, then.
Casting: Shock (safe; 5% risk of failure)
Confirm with . or Enter, or press ? or * to list all spells.
You miscast Static Discharge.
You are very lightly contaminated with residual magic.
Wisps of vapour drift from your hands. Ijyb barely misses you.
Really quaff
f - a blue potion {!q}?
It was a potion of magic {!q}.
Magic courses through your body. Ijyb hits you with a dagger.
Casting: Static Discharge (safe; 17% risk of failure)
Confirm with . or Enter, or press ? or * to list all spells.
You miscast Static Discharge.
You feel electric! Ijyb screams, "I no like you!"
Ijyb hits you but does no damage.
Casting: Static Discharge (safe; 17% risk of failure)
Confirm with . or Enter, or press ? or * to list all spells.
Ijyb is struck by lightning.
Ijyb is moderately wounded.
The lightning grounds out.
Ijyb misses you.
Casting: Static Discharge (safe; 17% risk of failure)
Confirm with . or Enter, or press ? or * to list all spells.
You don't have enough magic to cast that spell.
Casting: Static Discharge (safe; 17% risk of failure)
Confirm with . or Enter, or press ? or * to list all spells.
Aiming: Shock (safe; 5% risk of failure)
Press: ? - help, Shift-Dir - straight line The zap hits Ijyb.
Ijyb is moderately wounded.
The zap misses Ijyb.
Ijyb screams, "It's all mine!"
Ijyb closely misses you.
Casting: Shock (safe; 5% risk of failure)
Confirm with . or Enter, or press ? or * to list all spells.
Aiming: Shock (safe; 5% risk of failure)
Press: ? - help, Shift-Dir - straight line The zap hits Ijyb.
Ijyb appears unharmed.
Ijyb is moderately wounded.
The zap hits Ijyb.
Ijyb is heavily wounded.
Ijyb hits you with a dagger.
Really read
d - 2 scrolls labeled LIUNAD TUIH {!r}? [Y]es or [N]o only, please.
Really read
d - 2 scrolls labeled LIUNAD TUIH {!r}?
As you read the scroll labeled LIUNAD TUIH {!r}, it crumbles to dust.
It is a scroll of identify.
g - a potion of mutation {!q} Ijyb hits you with a dagger.
The goblin shouts!
Ijyb hits you with a dagger.
You climb upwards.
There is a stone staircase leading down here.
Ijyb hits you with a dagger.
* * * LOW HITPOINT WARNING * * *
Ijyb hits you but does no damage.
Really quaff
g - a potion of mutation {!q}?
You feel extremely strange.
You feel jittery.
You feel stupid.
You feel frail.
Your thoughts seem clearer.
Ijyb zaps a wand.
The puff of flame hits you!
* * * LOW HITPOINT WARNING * * *
Ijyb misses you.
Ijyb zaps a wand.
The puff of flame hits you!
You die...

.....##P...P# ##
##....##...## #####
###.##P...P# #....
#.###...##
########.###
#.##P...P#
#..[......>.
####.###...##
#.######.###
...#.##P...P# #.#
#รท# #
##....##...########
#.# ####.###
##...#.........@.#
#.# #.......
#.....##########.#
#.# #.##.###
##...## ##g## #.#
#.##.... ##.##
#...# #)###.##.###
#.# #...#
#........... #.#
#>..# #####.######
##'## ###.# #.#
##...## #.# #.#
##.....## ### #.#
###.#####


You could see Ijyb.

Vanquished Creatures
  3 adders (D:2)
  An ooze (D:1)
  A worm (D:2)
  3 leopard geckos
  An orc (D:2)
  7 bats
  2 giant cockroaches (D:2)
  9 goblins
  6 hobgoblins
  2 jackals (D:2)
  2 frilled lizards
  4 kobolds (D:1)
  7 rats
48 creatures vanquished.

Notes
Turn   | Place    | Note
-------+----------+-------------------------------------------
     0 | D:1      | Amnesiac the Tengu Air Elementalist began the quest for the Orb.
     0 | D:1      | Reached XP level 1. HP: 10/10 MP: 4/4
   301 | D:1      | Reached skill level 1 in Fighting
   333 | D:1      | Reached XP level 2. HP: 16/16 MP: 0/6
   641 | D:1      | Reached XP level 3. HP: 21/21 MP: 0/7
   646 | D:1      | Learned a level 3 spell: Static Discharge
  1520 | D:2      | Reached XP level 4. HP: 27/27 MP: 1/8
  1959 | D:2      | Noticed Ijyb
  2058 | D:1      | Gained mutation: You can translocate small distances at will. [potion of mutation]
  2058 | D:1      | Gained mutation: You are dopey. (Int -2) [potion of mutation]
  2058 | D:1      | Gained mutation: You are frail. (-10% HP) [potion of mutation]
  2058 | D:1      | Gained mutation: You possess an exceptional clarity of mind. [potion of mutation]
  2061 | D:1      | Killed from afar by Ijyb

Vault maps used:
D:1:      minmay_arrival_plants_in_alcoves
D:2:      kennysheep_the_goblin_king

Skill      XL: |  1  2  3 |
---------------+----------+-----
Fighting       | 1 2 |  2.9
Conjurations   | 2 |  2.3
Dodging        | 3 |  3.3
Stealth        | |  2.0
Spellcasting   | |  2.0
Air Magic      | |  4.0

Action                   |  1- 3 |  4- 6 || total
-------------------------+-------+-------++-------
Melee: Unarmed           |     5 |     2 ||     7
       Peck              |     1 |       ||     1
       Kick              |       |     1 ||     1
 Cast: Shock             |    76 |    42 ||   118
       Static Discharge  |       |     1 ||     1
  Use: Scroll            |     2 |     1 ||     3
       Potion            |       |     2 ||     2
  Eat: Chunk             |     3 |     3 ||     6
Armor: Robe              |     1 |     1 ||     2
Dodge: Dodged            |    17 |    17 ||    34

Table legend:
 A = Spawn XP
 B = Non-spawn XP
 C = Spawn XP percentage of total XP
 D = Spawn monster count
 E = Non-spawn monster count
 F = Spawn count percentage of total count
 G = Total turns spent on level
                    A         B        C        D         E        F      G
               +---------+---------+-------+---------+---------+-------+---------
         Total |       0 |     127 |   0.0 |       0 |      48 |   0.0 |  2061
               +---------+---------+-------+---------+---------+-------+---------
           D:1 |       0 |      47 |   0.0 |       0 |      25 |   0.0 |  1183
           D:2 |       0 |      80 |   0.0 |       0 |      23 |   0.0 |   878
               +---------+---------+-------+---------+---------+-------+---------
